 Dungeon Crawl Stone Soup version 0.31-a0-40-g1d5085d191 (webtiles) character file.

Game seed: 4557838850482246554

772225 holysushi the Intangible (level 27, 0/185 HPs)
             Began as a Demonspawn Monk on May 16, 2023.
             Was an Initiate of Gozag.
             Succumbed to a green death's poison gas
             ... in Pandemonium on May 18, 2023.
             The game lasted 03:06:49 (75958 turns).

holysushi the Intangible (Demonspawn Monk)         Turns: 75958, Time: 03:06:50

Health: 0/185      AC:  9    Str: 16      XL:     27
Magic:  30/42      EV: 65    Int: 19 (21) God:    Gozag
Gold:   8052       SH: 24    Dex: 43      Spells: 24/57 levels left

rFire   + + .        b - +7 Spriggan's Knife {stab, EV+4 Stlth+}
rCold   + . .        v - +5 kite shield {rF+}
rNeg    + + +        K - +1 robe of Vines {NoPotionHeal Regen++++}
rPois   .            L - +2 helmet of Warathro {*Corrode Will+++ Int+3}
rElec   +            o - scarf {repulsion}
rCorr   .            (gloves unavailable)
SInv    +            H - +1 pair of boots "Urosk" {Int+7 Dex+5 Stlth-}
Will    +++++        C - amulet "Modi" {Acrobat Str+3 Dex+6} Stlth **++++++++
                     Z - ring "Gushram" {rElec rN+ Slay+3 SInv}
HPRegen 3.70/turn    A - ring "Cadocar" {rF+ rC+ rN++ EV+5 Int-3}
MPRegen 0.56/turn

%: random rage (9%), corrode self (3%), repel missiles, acrobat, guardian spirit
@: lethally poisoned (0 -> -1), gold aura, studying Long Blades
A: thin skeletal structure 3, augmentation 3, magic shield, magic regeneration,
magic link, demonic magic 3, demonic touch 3, talons 1, berserk 2, deterioration
1, frail 1, screaming 1, teleportitis 1, inability to read after injury 1,
sturdy frame 1
}: 8/15 runes: barnacled, slimy, silver, abyssal, demonic, magical, fiery,
gossamer
a: Renounce Religion, Potion Petition, Call Merchant, Bribe Branch


You were in Pandemonium.
You worshipped Gozag.
Gozag was greatly pleased with you.
You visited 13 branches of the dungeon, and saw 53 of its levels.
You visited Pandemonium 1 time, and saw 10 of its levels.
You visited the Abyss 2 times.
You also visited: Trove, Bailey and Desolation.

You collected 35690 gold pieces.
You spent 10409 gold pieces at shops.
You paid 17229 gold pieces to Gozag.

Inventory:

Hand Weapons
 a - a +6 rapier of speed
 b - the +7 Spriggan's Knife (weapon) {stab, EV+4 Stlth+}
   (You found it in a treasure trove)

   Stab:      It is more effective when stabbing unaware enemies, sometimes
   treating them as though they were completely helpless.
   EV:        It affects your evasion (+4).
   Stlth:     It makes you more stealthy.
 g - the +5 rapier "Usoach" {antimagic, Fly rPois rC+ rN+}
   (You bought it in a shop on level 3 of the Vaults)

   rC:        It protects you from cold.
   rPois:     It protects you from poison.
   rN:        It protects you from negative energy.
   Fly:       It grants you flight.
Armour
 o - a scarf of repulsion (worn)
 v - a +5 kite shield of fire resistance (worn)
 H - the +1 pair of boots "Urosk" (worn) {Int+7 Dex+5 Stlth-}
   (You found it on level 5 of the Vaults)

   Int:       It affects your intelligence (+7).
   Dex:       It affects your dexterity (+5).
   Stlth:     It makes you less stealthy.
 K - the +1 robe of Vines (worn) {NoPotionHeal Regen++++}
   (You bought it in a shop on level 8 of the Dungeon)

   NoPotionHeal: Its wearer cannot be healed by potions.
   Regen:     It increases your rate of health regeneration.
 L - the +2 helmet of Warathro (worn) {*Corrode Will+++ Int+3}
   (You found it on level 5 of the Pits of Slime)

   Int:       It affects your intelligence (+3).
   *Corrode:  It may corrode you when you take damage.
   Will:      It greatly increases your willpower.
 Q - the +3 pair of mountain boots {steadfast, rC+}
   (You found it on level 3 of the Elven Halls)

   Steadfast: It prevents involuntary movement, except for blinking,
   teleportation, or banishment.
   rC:        It protects you from cold.
 X - a +6 tower shield of reflection
Magical Staves
 D - the staff of conjuration "Gujug Qoiwn" {rN+++}
   (You found it in Pandemonium)

   [staff of conjuration]

   Base accuracy: +5 Base damage: 5 Base attack delay: 1.2 This weapon's minimum
   attack delay (0.6) is reached at skill level 12.
   rN:        It renders you almost immune to negative energy.
   It falls into the 'Staves' category.
   It is a one-handed weapon.
Jewellery
 p - the ring "Ymewnall" {Will++ rCorr}
   (You bought it in a shop on level 13 of the Dungeon)

   [ring of resist corrosion]

   rCorr:     It protects you from acid and corrosion.
   Will:      It greatly increases your willpower.
 A - the ring "Cadocar" (right hand) {rF+ rC+ rN++ EV+5 Int-3}
   (You bought it in a shop on level 2 of the Elven Halls)

   [ring of evasion]

   EV:        It affects your evasion (+5).
   Int:       It affects your intelligence (-3).
   rF:        It protects you from fire.
   rC:        It protects you from cold.
   rN:        It greatly protects you from negative energy.
 C - the amulet "Modi" (around neck) {Acrobat Str+3 Dex+6}
   (You bought it in a shop on level 2 of the Elven Halls)

   [amulet of the acrobat]

   It increases your evasion while moving and waiting.
   Str:       It affects your strength (+3).
   Dex:       It affects your dexterity (+6).
 I - the amulet of the Air {Inacc Air Fly rElec RMsl}
   (You bought it in a shop on level 5 of the Lair of Beasts)

   [amulet of nothing]

   Inacc:     It reduces the accuracy of your attacks and spells.
   Air:       It enhances your air magic.
   rElec:     It insulates you from electricity.
   Fly:       It grants you flight.
   RMsl:      It protects you from missiles.
 J - the ring of Vehumet, Brewing {rPois rF+ Int+6 Stlth+}
   (You took it off a deep elf master archer on level 3 of the Elven Halls)

   [ring of intelligence]

   Int:       It affects your intelligence (+6).
   rF:        It protects you from fire.
   rPois:     It protects you from poison.
   Stlth:     It makes you more stealthy.
 Y - a +6 ring of dexterity
 Z - the ring "Gushram" (left hand) {rElec rN+ Slay+3 SInv}
   (You bought it in a shop on level 5 of the Pits of Slime)

   [ring of positive energy]

   Slay:      It affects your accuracy & damage with ranged weapons and melee
   (+3).
   rElec:     It insulates you from electricity.
   rN:        It protects you from negative energy.
   SInv:      It lets you see invisible.
Wands
 n - a wand of iceblast (75)
 u - a wand of acid (22)
 z - a wand of charming (103)
 B - a wand of polymorph (43)
 E - a wand of digging (28)
 P - a wand of mindburst (66)
Scrolls
 e - 2 scrolls of enchant weapon
 f - 5 scrolls of teleportation
 j - 8 scrolls of fog
 l - 4 scrolls of amnesia
 t - 7 scrolls of summoning
 G - 5 scrolls of silence
 N - 8 scrolls of fear
 R - a scroll of enchant armour
 V - 4 scrolls of magic mapping
Potions
 c - 18 potions of ambrosia
 d - 5 potions of cancellation
 i - 18 potions of might
 k - 4 potions of resistance
 m - 29 potions of curing
 q - 10 potions of flight
 r - 11 potions of brilliance
 s - 10 potions of heal wounds
 w - 7 potions of mutation
 x - 6 potions of attraction
 F - 11 potions of magic
 M - 9 potions of haste
 O - 11 potions of lignification
 T - 7 potions of berserk rage
 W - 4 potions of invisibility
Miscellaneous
 h - the horn of Geryon
 S - a phantom mirror
 U - a box of beasts


   Skills:
 - Level 14.6 Fighting
 + Level 20.1 Short Blades
 - Level 8.0 Armour
 O Level 27 Dodging
 - Level 20.0 Stealth
 - Level 15.0 Shields
 - Level 15.5 Spellcasting
 - Level 6.0 Conjurations
 - Level 10.0 Hexes
 - Level 10.5 Summonings
 - Level 4.0 Transmutations
 - Level 5.0 Evocations


You had 24 spell levels left.
You knew the following spells:

 Your Spells              Type           Power      Damage    Failure   Level
a - Dazzling Flash        Conj/Hex       90%        N/A       1%          3
b - Summon Mana Viper     Hex/Summ       52%        N/A       3%          5
c - Yara's Violent Unrav  Hex/Tmut       20%        3d9       11%         5
d - Summon Hydra          Summ           26%        N/A       63%         7
e - Spellforged Servitor  Conj/Summ      23%        N/A       90%         7
f - Plasma Beam           Fire/Air       7%         2x1d19    100%        6

Your spell library contained the following spells:

 Spells                   Type           Power      Damage    Failure   Level
 Foxfire                  Conj/Fire      100%       2x1d9     1%          1
 Kiss of Death            Conj/Necr      100%       2d13      1%          1
 Magic Dart               Conj           100%       1d8       1%          1
 Slow                     Hex            100%       N/A       1%          1
 Summon Small Mammal      Summ           100%       N/A       1%          1
 Call Imp                 Summ           100%       N/A       1%          2
 Ensorcelled Hibernation  Hex/Ice        66%        N/A       1%          2
 Wereblood                Tmut           29%        N/A       1%          2
 Summon Guardian Golem    Hex/Summ       52%        N/A       1%          3
 Tukima's Dance           Hex            51%        N/A       1%          3
 Cause Fear               Hex            25%        N/A       1%          4
 Inner Flame              Hex/Fire       33%        N/A       2%          3
 Portal Projectile        Hex/Tloc       66%        N/A       2%          3
 Fulminant Prism          Conj/Hex       22%        3d12      2%          4
 Sting                    Tmut/Pois      88%        1d7       3%          1
 Momentum Strike          Conj/Tloc      52%        3d9       3%          2
 Apportation              Tloc           28%        N/A       7%          1
 Necrotise                Necr           56%        1d6       7%          1
 Anguish                  Hex/Necr       16%        N/A       9%          4
 Animate Armour           Summ/Erth      68%        N/A       9%          4
 Leda's Liquefaction      Hex/Erth       16%        N/A       9%          4
 Summon Ice Beast         Ice/Summ       34%        N/A       9%          4
 Mephitic Cloud           Conj/Pois/Air  22%        N/A       10%         3
 Spider Form              Tmut/Pois      22%        N/A       10%         3
 Sublimation of Blood     Necr           14%        N/A       11%         2
 Ignite Poison            Fire/Tmut/Pois 19%        N/A       12%         3
 Summon Cactus Giant      Summ           26%        N/A       14%         6
 Iskenderun's Battlesphe  Conj           37%        2d9       17%         5
 Iskenderun's Mystic Bla  Conj/Tloc      26%        2d7       21%         4
 Sticky Flame             Conj/Fire      26%        2d5       21%         4
 Ozocubu's Armour         Ice            14%        N/A       22%         3
 Swiftness                Air            14%        N/A       22%         3
 Teleport Other           Tloc           14%        N/A       22%         3
 Vhi's Electric Charge    Tloc/Air       28%        N/A       22%         3
 Volatile Blastmotes      Fire/Tloc      28%        2d12      22%         3
 Summon Forest            Summ/Tloc      17%        N/A       22%         5
 Metabolic Englaciation   Hex/Ice        16%        N/A       26%         5
 Silence                  Hex/Air        16%        N/A       26%         5
 Blade Hands              Tmut           14%        N/A       36%         5
 Arcjolt                  Conj/Air       13%        1d23      50%         5
 Fireball                 Conj/Fire      13%        3d7       50%         5
 Airstrike                Air            7%         2d(1-17)  56%         4
 Dispel Undead            Necr           14%        3d10      56%         4
 Olgreb's Toxic Radiance  Pois           14%        N/A       56%         4
 Passage of Golubria      Tloc           14%        N/A       56%         4
 Monstrous Menagerie      Summ           26%        N/A       63%         7
 Alistair's Intoxication  Tmut/Pois      14%        N/A       65%         5
 Freezing Cloud           Conj/Ice/Air   11%        6-21      65%         5
 Enfeeble                 Hex            25%        N/A       69%         7
 Borgnjor's Vile Clutch   Necr/Erth      7%         N/A       89%         5
 Lee's Rapid Deconstruct  Erth           7%         3d6*      89%         5
 Iron Shot                Conj/Erth      13%        9d3       97%         6
 Starburst                Conj/Fire      13%        6d5       97%         6
 Eringya's Noxious Bog    Tmut/Pois      11%        N/A       99%         6
 Statue Form              Tmut/Erth      14%        N/A       99%         6
 Orb of Destruction       Conj           18%        9d8       99%         7
 Summon Horrible Things   Summ           26%        N/A       99%         8
 Death Channel            Necr           7%         N/A       100%        6
 Dispersal                Tloc           7%         N/A       100%        6
 Dragon Form              Tmut           14%        N/A       100%        7
 Malign Gateway           Summ/Tloc      17%        N/A       100%        7
 Discord                  Hex            25%        N/A       100%        8
 Disjunction              Tloc           7%         N/A       100%        8
 Ignition                 Fire           7%         3d4       100%        8
 Infestation              Necr           7%         N/A       100%        8
 Death's Door             Necr           7%         N/A       100%        9
 Dragon's Call            Summ           26%        N/A       100%        9
 Animate Dead             Necr           Unusable   N/A       N/A         4
 Simulacrum               Ice/Necr       Unusable   N/A       N/A         6

Dungeon Overview and Level Annotations

Branches:
Dungeon (15/15) Zot: 24464  Temple (1/1) D:4 Zot: 5945    Lair (5/5) D:8 Zot: 23351
 Shoals (4/4) Lair:2 Zot: 18596  Spider (4/4) Lair:3 Zot: 19870   Slime (5/5) Lair:4 Zot: 26069
    Orc (2/2) D:9 Zot: 9631     Elf (3/3) Orc:2 Zot: 12247  Vaults (5/5) D:14 Zot: 22025
  Crypt (3/3) Vaults:3 Zot: 14119    Tomb (1/3) Crypt:3 Zot: 4914  Depths (4/4) D:15 Zot: 18565
   Hell (visited)             Dis (0/7) Hell            Geh (0/7) Hell
    Coc (0/7) Hell            Tar (0/7) Hell            Zot (0/5) Depths:4
 Bailey (visited)         Desolation (visited)

Altars:
Ashenzari
Cheibriados
Dithmenos
Fedhas
Gozag
Hepliaklqana
Kikubaaqudgha
Makhleb
Nemelex Xobeh
Okawaru
Qazlal
Ru
Sif Muna
Trog
Uskayaw
Vehumet
Wu Jian
Xom
Yredelemnul
Jiyva
Lugonu

Shops:
D:7 ?   D:8 ([   D:9 [   D:11 (   D:13 =**=   Orc:2 **(=   Elf:2 !=   Lair:5 =
Shoals:3 =   Slime:5 (=   Vaults:2 ?[   Vaults:3 *(!(   Crypt:3 =   Depths:1 (*
Depths:2 [

Portals:
Hell: Depths:1 Depths:2 Depths:3 Depths:4
Abyss: Depths:1 Depths:2 Depths:3
Pandemonium: Orc:2 Depths:2 Depths:4
Ziggurat: Depths:2

Annotations:
D:7 3 runed translucent doors, ZoeForever1's ghost, novice DEAE
Elf:1 3 runed translucent doors, halvedace's ghost, journeyman HuAE
Elf:2 5 runed translucent doors
Vaults:3 2 transporters, Pixtaico's ghost, adept FeNe


Innate Abilities, Weirdness & Mutations

You have an unnaturally thin skeletal structure. (Dex +6, Stealth+++)
Your magical and physical power is greatly enhanced at high health.
When hurt, damage is shared between your health and your magic reserves.
You regenerate magic rapidly.
When low on magic, you restore magic in place of health.
Spells you cast and wands you use may paralyse nearby enemies.
Your touch may irresistibly damage your foes and sap their willpower.
You have sharp toenails.
You have an uncontrollable temper.
Your body sometimes deteriorates upon taking damage.
You are frail. (-10% HP)
You occasionally shout uncontrollably at your foes.
You are occasionally teleported next to monsters.
You occasionally lose the ability to read scrolls when taking damage.
Your movements are slightly less encumbered by armour. (ER -2)


Message History

You kill the green death!
You feel very sick. The green death gestures at you.
The blast of poison misses you.
You are engulfed in poison gas.
You are more poisoned.
* * * LOW HITPOINT WARNING * * *
You feel very sick.
You feel very sick. You block the green death's attack.
Casting: Dazzling Flash (safe; 1% risk of failure)
Confirm with . or Enter, or press ? or * to list all spells.
Casting: Dazzling Flash (safe; 1% risk of failure)
Press: ? - help, Dir - look around, f - activate Malevolent energies surge around you.
You feel very sick. You block the green death's attack.
Casting: Dazzling Flash (safe; 1% risk of failure)
Confirm with . or Enter, or press ? or * to list all spells.
Casting: Dazzling Flash (safe; 1% risk of failure)
Press: ? - help, Dir - look around, f - activate Malevolent energies surge around you.
You feel very sick. The green death gestures at you.
The blast of poison misses you.
The green death attacks as you move away!
The green death hits you.
You are engulfed in poison gas.
You are more poisoned.
* * * LOW HITPOINT WARNING * * *
You feel extremely sick.
A hellwing comes into view.
* * * LOW HITPOINT WARNING * * *
You feel very sick. The green death gestures at you.
The blast of poison misses you.
The hellwing moves out of view.
Your system rejects the healing.
You feel better.
You are engulfed in poison gas.
You are poisoned.
You die...
Your body crumbles into a pile of gold.

######################
#.......#§☼@○.☼○.....#
#.......§○§☼2☼○°.....#
#.......#○○○○$○°°....#
##......##○######°..##
###'#####☼.. ..# ....
..... ..# ....^.
........ .#
#............... #
####'#####......


You could see a green death.

Vanquished Creatures
  Cerebov (Pan)
  7 pandemonium lords (Pan)
  the Royal Jelly (Slime:5)
  Lom Lobon (Pan)
  4 dread liches
  4 ancient liches
  Mara (Vaults:3)
  Mennas (Vaults:3)
  A juggernaut (Depths:3)
  Sojobo (Crypt:1)
  Boris (thrice) (Vaults:5 Depths:3 Tomb:1)
  A royal mummy (Tomb:1)
  Margery (Vaults:2)
  Saint Roka (Vaults:5)
  4 caustic shrikes (Depths:4)
  Geryon (Hell)
  A curse toe (Crypt:3)
  2 golden dragons
  Nikola (Shoals:2)
  4 bone dragons
  2 Tzitzimimeh (Pan)
  3 hellephants (Depths:4)
  21 Brimstone Fiends (Pan)
  Zenata (Crypt:2)
  Jorgrun (Spider:1)
  A Hell Sentinel (Pan)
  7 liches
  7 tentacled monstrosities
  2 deep elf master archers (Elf:3)
  An Ice Fiend (Pan)
  A deep elf blademaster (Elf:3)
  6 searing wretches
  11 acid blobs
  3 tentacled starspawn (Abyss:3)
  A kraken (Shoals:1)
  5 ancient champions
  14 sphinxes
  7 Executioners
  Frances (Spider:1)
  13 tengu reavers
  4 storm dragons
  4 revenants
  Donald (Vaults:3)
  4 shadow dragons
  5 azure jellies
  10 fire giants
  16 balrugs (Pan)
  4 demonspawn warmongers (Pan)
  10 deep elf sorcerers
  11 frost giants
  8 rockslimes
  2 imperial myrmidons (Desolation)
  5 iron dragons
  Aizul (Spider:3)
  3 ghost moths
  8 emperor scorpions
  2 caustic shrike zombies (Hell)
  A draconian shifter (Depths:4)
  A draconian scorcher (Depths:4)
  3 broodmothers
  5 cacodemons
  18 ironbound preservers
  3 deep elf elementalists
  7 ghouls
  3 orc warlords
  Louise (Depths:1)
  A spriggan defender (Depths:3)
  A caustic shrike skeleton (Abyss:3)
  13 vault wardens
  An angel (Abyss:3)
  13 reapers
  A curse skull (Crypt:2)
  7 demonspawn corrupters (Pan)
  2 demonspawn blood saints (Pan)
  A draconian annihilator (Pan)
  A juggernaut skeleton (Crypt:2)
  3 nameless horrors (Pan)
  6 quicksilver oozes
  6 ironbound thunderhulks
  5 war gargoyles
  13 stone giants
  11 very ugly things
  4 lorocyprocas
  2 starflowers (Abyss:3)
  4 vampire knights
  A green draconian (Depths:4)
  Nessos (Orc:2)
  3 demonspawn black suns (Pan)
  9 deep elf annihilators
  12 spark wasps
  4 bennus (Tomb:1)
  A purple draconian (Depths:4)
  2 red draconians (Depths:4)
  2 black draconians (Depths:4)
  8 deep elf demonologists
  4 dire elephants (Vaults:3)
  12 starcursed masses (Abyss:3)
  A green death (Pan)
  3 eidola
  20 blizzard demons
  3 ragged hierophants (Desolation)
  9 merfolk impalers
  3 iron golems (Hell)
  15 crystal guardians
  9 deep elf death magi
  9 mummy priests
  13 fire dragons
  Josephine (D:11)
  5 ettins
  2 merfolk javelineers (Shoals:4)
  6 entropy weavers
  4 jiangshi (Crypt:2)
  5 servants of whispers (Desolation)
  7 deep elf high priests
  39 vault guards
  9 great orbs of eyes
  6 hydras
  4 rakshasas
  8 ice dragons
  21 yaktaur captains
  9 peacekeepers
  3 hell beasts (Pan)
  A kraken zombie (Hell)
  2 demonspawn (Orc:2)
  5 merfolk avatars
  2 juggernaut simulacra (Pan)
  4 ogre magi
  A spriggan air mage (Depths:4)
  3 boulder beetles
  9 centaur warriors
  An alligator snapping turtle (Shoals:4)
  12 ironbound frosthearts
  15 dancing weapons
  A stoker (Depths:1)
  7 two-headed ogres
  3 Orb Guardian skeletons
  A satyr (Shoals:2)
  A death knight (Crypt:1)
  4 deep troll shamans
  6 death scarabs (Tomb:1)
  2 deep troll earth magi (Vaults:3)
  4 vampire magi
  4 merfolk aquamancers (Shoals:4)
  6 orc high priests
  4 death yaks (Lair:5)
  15 hell hogs
  28 hell knights
  A thrashing horror (Abyss:3)
  5 tengu warriors
  2 titan zombies (Hell)
  13 deep elf knights
  A shock serpent (shapeshifter) (Vaults:5)
  2 spriggan berserkers (Depths:2)
  49 sun demons (Pan)
  6 wretched stars
  An iron troll (Hell)
  25 soul eaters
  A storm dragon zombie (Hell)
  21 skeletal warriors
  3 skysharks
  6 sea snakes
  3 shadow wraiths
  7 pharaoh ants
  A cherub (Pan)
  53 deep trolls
  6 flayed ghosts
  11 sixfirhies
  An anaconda zombie (Hell)
  3 sun moths
  3 orb spiders
  A spark wasp zombie (Hell)
  A bog body (Crypt:3)
  5 shadow demons (Pan)
  A spriggan simulacrum (Crypt:2)
  A tengu zombie (Hell)
  A glowing orange brain (shapeshifter) (Vaults:4)
  14 deep elf archers
  15 lindwurms
  An orange crystal statue (Depths:2)
  4 glowing orange brains
  A sea snake (shapeshifter) (Vaults:5)
  5 phantasmal warriors
  19 ironbound convokers
  15 orc knights
  An anaconda skeleton (Hell)
  9 wizards
  23 large abominations
  29 deep elf pyromancers
  A golden dragon skeleton (Crypt:2)
  36 deep elf zephyrmancers
  23 harpies
  17 necromancers
  6 steelbarb worms
  21 wolf spiders
  3 oklob plants (Abyss:3)
  2 jorogumo zombies
  2 iron dragon zombies
  2 fire giant zombies (Hell)
  12 manticores
  50 ugly things
  3 shining eyes
  17 fauns
  A stone giant zombie (Hell)
  A will-o-the-wisp (Abyss:3)
  9 orc sorcerers
  A toenail golem (Abyss:3)
  4 cyclopes
  A moth of wrath (Spider:2)
  12 black mambas
  3 guardian serpents (Desolation)
  15 vault sentinels
  7 rust devils
  2 stone giant skeletons
  5 ice statues (Pan)
  A black mamba (shapeshifter) (D:15)
  17 demonic crawlers
  8 water nymphs (Shoals:4)
  An eye of devastation (Slime:5)
  5 merfolk sirens
  A naga zombie (Hell)
  3 torpor snails
  15 smoke demons
  A centaur skeleton (Crypt:2)
  6 orange demons
  A gargoyle (D:11)
  6 hellions (Pan)
  9 unseen horrors
  A yaktaur zombie (Vaults:4)
  14 cane toads
  A cane toad (shapeshifter) (Vaults:5)
  A komodo dragon (shapeshifter) (D:15)
  5 molten gargoyles
  4 human zombies
  A green draconian zombie (Crypt:3)
  4 efreet
  3 tengu conjurers
  A tormentor (Pan)
  2 naga skeletons
  2 kobold demonologists (Pan)
  2 freezing wraiths
  33 yaktaurs
  A hydra zombie (Hell)
  19 komodo dragons
  2 sea snake skeletons (Hell)
  3 rime drakes
  7 ice devils
  2 red devils
  A purple draconian skeleton (Crypt:1)
  2 catoblepas skeletons
  20 merfolk
  14 guardian mummies
  A merfolk (shapeshifter) (Depths:4)
  4 trolls
  A tyrant leech (shapeshifter) (Vaults:5)
  6 hellwings (Pan)
  3 meliai (Lair:5)
  A mana viper skeleton (Crypt:3)
  A queen bee (Lair:5)
  9 wind drakes
  Grinder (D:4)
  4 polar bears
  An alligator zombie (Hell)
  46 saltlings (Desolation)
  A satyr zombie (Crypt:1)
  A great orb of eyes zombie (Crypt:1)
  24 tarantellas
  31 blink frogs
  A harpy skeleton (Tomb:1)
  An ice dragon zombie (Crypt:3)
  9 dream sheep
  18 jumping spiders
  7 snapping turtles
  3 spriggan zombies (Hell)
  A hydra skeleton (Crypt:2)
  An iron dragon simulacrum (Hell)
  15 culicivoras
  2 ettin zombies
  A fire dragon skeleton (Crypt:3)
  8 air elementals
  16 flying skulls
  2 shadows
  58 slime creatures
  12 wraiths
  2 ushabtiu (Tomb:1)
  5 wyverns
  A fire bat (Abyss:3)
  30 ynoxinuls
  3 fire elementals
  65 yaks
  A wind drake zombie (Crypt:3)
  12 basilisks
  34 water elementals
  A black mamba skeleton (Crypt:1)
  9 golden eyes
  8 neqoxecs
  A steam dragon (Lair:5)
  3 vampire mosquitoes (D:12)
  23 chaos spawn
  55 redbacks
  3 glowing shapeshifter zombies (Hell)
  7 wargs
  Edmund (D:6)
  8 water moccasins
  A floating eye (Depths:1)
  2 acid dragons
  A merfolk skeleton (Crypt:2)
  5 hell hounds (Lair:5)
  41 orc warriors
  2 sky beasts
  An ice beast (D:5)
  7 black bears
  An ettin simulacrum (Crypt:2)
  14 centaurs
  6 wolves (Lair:1)
  11 ogres
  2 human skeletons
  A dream sheep skeleton (Crypt:3)
  4 small abominations (Depths:3)
  A phantom (D:9)
  2 kobold brigands
  A rime drake zombie (Crypt:3)
  12 bullfrogs
  A vine stalker zombie (Crypt:1)
  6 necrophages
  A gnoll sergeant (D:9)
  2 earth elementals
  4 scorpions
  A glowing shapeshifter simulacrum (Vaults:4)
  A wyvern skeleton (Crypt:3)
  3 wights (D:8)
  24 killer bees
  2 troll zombies (D:9)
  5 crimson imps (Abyss:2)
  5 lava snakes (Lair:5)
  23 orc priests
  2 jellies (D:7)
  2 gnoll boudas
  2 hounds
  4 iron imps
  3 sleepcaps
  4 iguanas
  13 orc wizards
  6 ogre zombies (D:9)
  An acid dragon zombie (Crypt:3)
  5 mummies
  Robin (D:2)
  15 gnolls
  6 adders
  6 white imps
  A worm (D:2)
  A dart slug (D:5)
  100 orcs
  6 endoplasms
  3 giant cockroaches
  16 goblins
  11 hobgoblins
  3 jackals (D:5)
  29 kobolds
  3 quokkas
  12 ball pythons
  A ball python skeleton (Crypt:2)
  4 bats
  A frilled lizard (D:3)
  A gnoll zombie (Crypt:2)
  A goblin skeleton (D:9)
  2 goblin zombies (D:9)
  2 hobgoblin skeletons (D:9)
  A hobgoblin zombie (D:9)
  2 orc skeletons (D:9)
  17 orc zombies (D:9)
  8 rats
  A rat skeleton (Crypt:2)
  A creeping inferno (Hell)
  6 fire vortices (Hell)
  2 starspawn tentacles (Abyss:3)
  4 tentacles (Shoals:1)
2707 creatures vanquished.

Vanquished Creatures (collateral kills)
  A revenant (Crypt:3)
  An azure jelly (Slime:5)
  A bunyip (Abyss:3)
  A sun demon (Pan)
  A smoke demon (Pan)
  A slime creature (Slime:5)
  A neqoxec (Abyss:3)
  2 large abominations (Abyss:3)
  A small abomination (Abyss:3)
  2 starcursed masses (Abyss:3)
  A mummy (Tomb:1)
13 creatures vanquished.

Vanquished Creatures (others)
  A lich (Pan)
  A titan (Pan)
  An Executioner (Pan)
  An ironbound preserver (Vaults:5)
  A blizzard demon (Pan)
  A merfolk impaler (Depths:1)
  A deep elf high priest (Vaults:5)
  2 sun demons (Pan)
  A deep elf knight (Elf:2)
  A wizard (Vaults:4)
  2 glowing orange brains (Pan)
  2 deep elf pyromancers (Elf:2)
  A faun (Shoals:2)
  A merfolk siren (Shoals:2)
  A smoke demon (Pan)
  A hellion (Pan)
  A merfolk (Shoals:4)
  A saltling (Desolation)
  A ynoxinul (Pan)
  2 water elementals
  A neqoxec (Pan)
  14 ball lightnings (Pan)
  A creeping inferno (Hell)
  2 fire vortices (Pan)
  12 foxfires (Abyss:3)
  15 starspawn tentacles
  22 tentacles
91 creatures vanquished.

Grand Total: 2811 creatures vanquished

Notes
Turn   | Place    | Note
-------+----------+-------------------------------------------
     0 | D:1      | holysushi the Demonspawn Monk began the quest for the Orb.
     0 | D:1      | Reached XP level 1. HP: 18/18 MP: 1/1
   249 | D:1      | Gained mutation: You have a somewhat thin skeletal
                  | structure. (Dex +2, Stealth+) [demonic ancestry]
   249 | D:1      | Reached XP level 2. HP: 24/24 MP: 2/2
   318 | D:1      | Reached skill level 3 in Dodging
   939 | D:2      | Reached XP level 3. HP: 25/29 MP: 3/3
   976 | D:2      | Noticed Robin
  1092 | D:2      | HP: 1/29 [Robin/+1 mace of holy wrath (5)]
  1099 | D:2      | Killed Robin
  1100 | D:2      | Reached skill level 1 in Stealth
  1344 | D:2      | Gained mutation: Your touch may inflict minor irresistible
                  | damage on your foes. [demonic ancestry]
  1344 | D:2      | Reached XP level 4. HP: 32/35 MP: 4/4
  1522 | D:2      | Found a faded altar of an unknown god.
  1854 | D:3      | Reached XP level 5. HP: 30/41 MP: 5/5
  2364 | D:3      | Reached skill level 5 in Short Blades
  2765 | D:4      | Noticed Grinder
  2774 | D:4      | Killed Grinder
  2775 | D:4      | Reached XP level 6. HP: 47/47 MP: 6/6
  2796 | D:4      | Reached skill level 4 in Dodging
  2838 | D:4      | Gained mutation: Your touch may inflict irresistible damage
                  | on your foes. [demonic ancestry]
  2838 | D:4      | Reached XP level 7. HP: 50/52 MP: 7/7
  3015 | D:4      | Found a staircase to the Ecumenical Temple.
  3212 | Temple   | Entered the Ecumenical Temple
  3251 | Temple   | Became a worshipper of Gozag Ym Sagoz the Greedy
  3299 | D:5      | Entered Level 5 of the Dungeon
  3439 | D:5      | Noticed a yak
  3445 | D:5      | Noticed a yak
  3445 | D:5      | Noticed a yak
  3445 | D:5      | Noticed a yak
  3445 | D:5      | Noticed a yak
  3445 | D:5      | Noticed a yak
  3452 | D:5      | Killed a yak
  3464 | D:5      | Killed a yak
  3465 | D:5      | Reached XP level 8. HP: 58/58 MP: 8/8
  3518 | D:5      | Reached skill level 5 in Dodging
  4229 | D:5      | Gained mutation: You regenerate magic rapidly. [demonic
                  | ancestry]
  4229 | D:5      | Reached XP level 9. HP: 36/64 MP: 9/9
  4545 | D:5      | Reached skill level 10 in Short Blades
  4597 | D:6      | Found a sparkling altar of Nemelex Xobeh.
  4598 | D:6      | Found a basalt altar of Yredelemnul.
  4603 | D:6      | Found an iron altar of Okawaru.
  4604 | D:6      | Found a bloodstained altar of Trog.
  4605 | D:6      | Found a radiant altar of Vehumet.
  4606 | D:6      | Found a hazy altar of Hepliaklqana.
  4755 | D:6      | Noticed Edmund
  4762 | D:6      | Killed Edmund
  4763 | D:6      | Reached skill level 5 in Fighting
  5116 | D:7      | Found a runed translucent gate.
  5119 | D:7      | Found a runed translucent gate.
  5120 | D:7      | Found a runed translucent gate.
  5120 | D:7      | Noticed ZoeForever1's ghost (novice DEAE)
  5122 | D:7      | Noticed a kobold demonologist
  5168 | D:7      | Found a flagged portal.
  5214 | Bailey   | Entered a bailey
  5219 | Bailey   | Noticed an orc warlord
  5263 | Bailey   | Noticed an orc knight
  5298 | Bailey   | Killed an orc knight
  5299 | Bailey   | Reached skill level 6 in Dodging
  5305 | Bailey   | Reached skill level 7 in Dodging
  5390 | Bailey   | Found a runed translucent gate.
  5393 | Bailey   | Found a runed translucent gate.
  5416 | Bailey   | Reached skill level 11 in Dodging
  5416 | Bailey   | Gained mutation: You have a moderately thin skeletal
                  | structure. (Dex +4, Stealth++) [demonic ancestry]
  5416 | Bailey   | Reached XP level 10. HP: 74/74 MP: 10/10
  5417 | Bailey   | Found a runed translucent gate.
  5825 | Bailey   | Reached skill level 13 in Dodging
  5825 | Bailey   | Gained mutation: Your touch may irresistibly damage your
                  | foes and sap their willpower. [demonic ancestry]
  5825 | Bailey   | Reached XP level 11. HP: 79/79 MP: 11/11
  6127 | Bailey   | Got the Precepts of Relocation
  6152 | D:7      | Found an ancient bone altar of Kikubaaqudgha.
  6214 | D:7      | Reached skill level 14 in Dodging
  6337 | D:7      | Found a stormy altar of Qazlal.
  6479 | D:7      | Bought a scroll of fog for 48 gold pieces
  6479 | D:7      | Bought a scroll of teleportation for 36 gold pieces
  6479 | D:7      | Bought a scroll of noise for 12 gold pieces
  6479 | D:7      | Bought a scroll of identify for 24 gold pieces
  7128 | D:8      | Found a blossoming altar of Fedhas.
  7344 | D:8      | Found a staircase to the Lair.
  7930 | D:9      | Reached XP level 12. HP: 73/86 MP: 12/12
  8113 | D:9      | Found a staircase to the Orcish Mines.
  8347 | D:9      | Found a broken altar of Ashenzari.
  8462 | D:9      | Found a shimmering altar of Xom.
  8735 | D:9      | Found a burning altar of Makhleb.
  9070 | Lair:1   | Entered Level 1 of the Lair of Beasts
  9106 | Lair:1   | Reached skill level 5 in Stealth
  9209 | Lair:1   | Identified the ring of Mistrust {AC+4 Dex+2}
  9241 | Lair:1   | Reached skill level 15 in Dodging
 10331 | Lair:2   | Found a staircase to the Shoals.
 11317 | Lair:2   | Reached XP level 13. HP: 98/98 MP: 13/13
 11517 | D:9      | Bought the +5 ring mail of Wasted Space {Dex+6} for 729
                  | gold pieces
 11742 | Lair:3   | Reached skill level 1 in Armour
 11752 | Lair:3   | Reached skill level 16 in Dodging
 11780 | Lair:3   | Found a hole to the Spider Nest.
 13211 | Lair:4   | Found a viscous altar of Jiyva.
 13223 | Lair:4   | Found a staircase to the Slime Pits.
 13313 | Lair:4   | Reached skill level 5 in Armour
 13560 | Lair:5   | Entered Level 5 of the Lair of Beasts
 13566 | Lair:5   | Found the +6 lightning scales {swift, rElec}
 13571 | Lair:5   | Reached skill level 10 in Fighting
 14266 | Lair:5   | Noticed a fire dragon
 14268 | Lair:5   | Found a large runed translucent door.
 14638 | Lair:5   | Reached skill level 1 in Spellcasting
 14667 | Lair:5   | Found a large runed translucent door.
 14698 | Lair:5   | Gained mutation: You have an unnaturally thin skeletal
                  | structure. (Dex +6, Stealth+++) [demonic ancestry]
 14698 | Lair:5   | Reached XP level 14. HP: 110/110 MP: 16/16
 15394 | Lair:5   | Reached skill level 17 in Dodging
 16079 | Lair:5   | Bought the ring "Wegailan" {Drain rN+ Str+5 Dex+2 Slay+3}
                  | for 584 gold pieces
 16079 | Lair:5   | Bought the amulet of the Air {Inacc Air Fly rElec RMsl} for
                  | 451 gold pieces
 16079 | Lair:5   | Found the amulet of the Air {Inacc Air Fly rElec RMsl}
 16576 | D:10     | Entered Level 10 of the Dungeon
 16767 | D:10     | You fall into a shaft and drop 3 floors!
 16768 | D:13     | Found Neddeg's Jewellery Shop.
 16884 | D:13     | Found Rahel's General Store.
 16918 | D:13     | Found Cagil's Jewellery Emporium.
 17022 | D:13     | Found Miazan's General Store.
 17285 | D:13     | Identified the +6 spear "Betaele" {freeze, Will+ SInv
                  | Stlth+}
 17432 | D:12     | Reached skill level 18 in Dodging
 18353 | D:11     | Noticed Josephine
 18399 | D:11     | Killed Josephine
 18496 | D:11     | Identified the +0 robe of Darkness {rF+}
 18638 | D:11     | Found Efyer's Antique Weapon Shoppe.
 19050 | D:10     | Found an ornate altar of the Wu Jian Council.
 19673 | D:13     | Bought the ring "Ymewnall" {Will++ rCorr} for 533 gold
                  | pieces
 19823 | Orc:1    | Entered Level 1 of the Orcish Mines
 19895 | D:9      | Reached skill level 19 in Dodging
 19895 | D:9      | Gained mutation: When hurt, damage is shared between your
                  | health and your magic reserves. [demonic ancestry]
 19895 | D:9      | Reached XP level 15. HP: 115/115 MP: 17/17
 19975 | Orc:2    | Entered Level 2 of the Orcish Mines
 19984 | Orc:2    | Noticed Nessos
 20518 | Orc:2    | Killed Nessos
 20687 | Orc:2    | Found a staircase to the Elven Halls.
 20823 | Orc:2    | Found Alyt's General Store.
 20860 | Orc:2    | Found Tearhiar's General Store.
 21509 | Orc:2    | Bought a potion of heal wounds for 55 gold pieces
 21509 | Orc:2    | Bought a scroll of teleportation for 33 gold pieces
 21655 | Orc:2    | Found Ilitajaf's Antique Weapon Shop.
 21655 | Orc:2    | Found Lupudwi's Jewellery Boutique.
 21683 | Orc:2    | Reached skill level 5 in Spellcasting
 21686 | Orc:2    | Found a one-way gate leading to the halls of Pandemonium.
 22497 | Elf:1    | Entered Level 1 of the Elven Halls
 22541 | Elf:1    | Noticed a deep elf sorcerer
 22658 | Elf:1    | Killed a deep elf sorcerer
 22692 | Elf:1    | Reached skill level 20 in Dodging
 23286 | Elf:1    | Found a runed translucent gate.
 23287 | Elf:1    | Found a runed translucent gate.
 23288 | Elf:1    | Found a runed translucent gate.
 23288 | Elf:1    | Noticed halvedace's ghost (journeyman HuAE)
 23422 | Elf:1    | Reached XP level 16. HP: 122/122 MP: 26/26
 24073 | Elf:2    | Found a huge runed translucent gate.
 24073 | Elf:2    | Found a huge runed translucent gate.
 24073 | Elf:2    | Found a huge runed translucent gate.
 24073 | Elf:2    | Found a huge runed translucent gate.
 24073 | Elf:2    | Found a huge runed translucent gate.
 24161 | Elf:2    | Found Poent's Distillery.
 24180 | Elf:2    | Bought a potion of invisibility for 160 gold pieces
 25052 | Elf:3    | Entered Level 3 of the Elven Halls
 25057 | Elf:2    | Bought the ring "Cadocar" {rF+ rC+ rN++ EV+5 Int-3} for 979
                  | gold pieces
 25057 | Elf:2    | Bought the amulet "Modi" {Acrobat Str+3 Dex+6} for 894 gold
                  | pieces
 25117 | Abyss:2  | Cast into level 2 of the Abyss (a deep elf sorcerer)
 25120 | Abyss:2  | Noticed a bone dragon
 25192 | Abyss:2  | Found a corrupted altar of Lugonu.
 25192 | Abyss:2  | Found a corrupted altar of Lugonu.
 25200 | Abyss:2  | Found a corrupted altar of Lugonu.
 25407 | Elf:3    | Escaped the Abyss
 25407 | Elf:3    | Noticed a deep elf master archer
 25418 | Elf:3    | Noticed a deep elf blademaster
 25425 | Elf:3    | Noticed a deep elf master archer
 25844 | Elf:3    | Killed a deep elf blademaster
 25865 | Elf:3    | Killed a ghostly deep elf blademaster
 25903 | Elf:3    | Noticed an Ice Fiend
 26174 | Elf:3    | Identified the +0 ring mail "Tahul" {*Corrode rElec Dex+3}
 26176 | Elf:3    | Got Xukhan's Book of the Swarm
 26287 | Elf:3    | Identified the +1 leather armour "Esydud" {+Blink rElec
                  | rF++ Slay+2}
 27649 | Elf:3    | Identified the ring of Vehumet, Brewing {rPois rF+ Int+6
                  | Stlth+}
 27920 | Elf:3    | Killed a deep elf master archer
 28230 | Elf:3    | Reached XP level 17. HP: 129/129 MP: 29/29
 28366 | Elf:3    | Identified the staff of earth "Gehixoxt" {rN+}
 28372 | Elf:3    | Found the +3 pair of mountain boots {steadfast, rC+}
 28377 | Elf:3    | Got the Compilation of the Figure
 28612 | Elf:3    | Killed a deep elf master archer
 29301 | Shoals:1 | Entered Level 1 of the Shoals
 30415 | Shoals:1 | Noticed a kraken
 30762 | Shoals:1 | Killed a kraken
 30970 | Shoals:2 | Noticed Nikola
 31017 | Shoals:2 | Killed Nikola
 31390 | Shoals:2 | Reached skill level 10 in Spellcasting
 32267 | Shoals:3 | Reached skill level 21 in Dodging
 33089 | Shoals:4 | Entered Level 4 of the Shoals
 33306 | Shoals:4 | Gained mutation: Spells you cast may paralyse adjacent
                  | enemies. [demonic ancestry]
 33306 | Shoals:4 | Reached XP level 18. HP: 69/133 MP: 20/32
 34273 | Shoals:4 | Identified the +11 flail "Beetleslayer" {speed, Drain Str+5
                  | Dex+3 SInv}
 34503 | Shoals:4 | Got a barnacled rune of Zot
 34715 | Shoals:4 | Reached skill level 22 in Dodging
 34772 | Shoals:4 | Paralysed by an air elemental for 1 turns
 35274 | Shoals:4 | Paralysed by an air elemental for 1 turns
 35455 | D:8      | Bought a +1 cloak of stealth for 231 gold pieces
 35476 | D:8      | Bought the +1 robe of Vines {NoPotionHeal Regen++++} for
                  | 1120 gold pieces
 35476 | D:8      | Found the +1 robe of Vines {NoPotionHeal Regen++++}
 36233 | D:14     | Found a gate to the Vaults.
 36465 | D:15     | Entered Level 15 of the Dungeon
 36712 | D:15     | Identified the +5 quarterstaff "Nigahoz" {flame, *Slow rF+
                  | MP+9}
 37050 | D:15     | Found a staircase to the Depths.
 37824 | Spider:1 | Entered Level 1 of the Spider Nest
 37824 | Spider:1 | Noticed Frances
 37828 | Spider:1 | Killed Frances
 38044 | Spider:1 | Identified the +3 long sword of Anger {drain, MP+9}
 38476 | Spider:1 | Identified the +6 leather armour of Eletywu {rC+ Dex+3
                  | Stlth+}
 38507 | Spider:1 | Noticed Jorgrun
 38508 | Spider:1 | Killed Jorgrun
 39186 | Spider:2 | Reached XP level 19. HP: 146/146 MP: 35/35
 40603 | Spider:3 | Noticed Aizul
 40616 | Spider:3 | Killed Aizul
 40851 | Spider:4 | Entered Level 4 of the Spider Nest
 40958 | Spider:3 | Reached skill level 10 in Stealth
 42307 | Spider:4 | Reached skill level 1 in Evocations
 42407 | Spider:4 | Got a gossamer rune of Zot
 43249 | Vaults:1 | Entered Level 1 of the Vaults
 43365 | Vaults:1 | Reached skill level 1 in Shields
 43711 | Vaults:1 | Found a crumbling gateway.
 43729 | Vaults:1 | Reached skill level 5 in Evocations
 43738 | Desolati | Entered the Desolation of Salt
 44224 | Desolati | Got the Papyrus of Bodily Humours
 44316 | Desolati | Identified the ring "Wiapupn" {rPois rC+ EV+5}
 44485 | Desolati | Got Sif Muna's Catalogue of the Tainted Icicle
 44488 | Desolati | Got the Quarto of Hazy Immolation
 44493 | Desolati | Identified the +1 robe "Ivaenwiosm" {Int+4}
 44499 | Desolati | Identified the +1 trident of Classification {heavy, rPois
                  | Dex+4}
 44502 | Desolati | Identified the ring "Binuduod" {Ice Drain rElec Str+3
                  | Dex+4}
 44530 | Desolati | Got the Spellbook of the Excursion
 44581 | Desolati | Identified the +7 chain mail of Velaav {Harm Will+}
 44582 | Desolati | Identified the +5 ring mail of Ipnebumn {Will- Dex+5}
 44907 | Desolati | Reached skill level 23 in Dodging
 44911 | Desolati | Reached XP level 20. HP: 148/153 MP: 34/37
 46403 | Vaults:2 | Bought a scarf of repulsion for 276 gold pieces
 46757 | Vaults:2 | Noticed a dread lich
 46811 | Vaults:2 | Killed a dread lich
 46812 | Vaults:2 | Reached skill level 24 in Dodging
 46912 | Vaults:2 | Identified the +3 chain mail "Qepaasa" {rF+ Regen+}
 47039 | Vaults:2 | Noticed Margery
 47074 | Vaults:2 | Killed Margery
 47232 | Vaults:2 | Identified the +3 leather armour of Twilight {Dex+4}
 47439 | Vaults:2 | Found Qoigu's Magic Scroll Boutique.
 47449 | Vaults:2 | Bought a scroll of teleportation for 66 gold pieces
 47449 | Vaults:2 | Bought a scroll of teleportation for 66 gold pieces
 47973 | Vaults:3 | Found Ytutha's Antique Weapon Boutique.
 47974 | Vaults:3 | Found a portal to a secret trove of treasure.
 47974 | Vaults:3 | Noticed Mara
 47984 | Vaults:3 | Noticed holysushi's illusion
 48149 | Vaults:3 | Noticed holysushi's illusion
 48176 | Vaults:3 | Killed Mara
 48287 | Vaults:3 | Bought a masterwork rapier for 396 gold pieces
 48287 | Vaults:3 | Identified the +5 rapier "Usoach" {antimagic, Fly rPois rC+
                  | rN+} (You bought it in a shop on level 3 of the Vaults)
 48322 | Vaults:3 | Noticed Mennas
 48386 | Vaults:3 | Reached skill level 25 in Dodging
 48480 | Vaults:3 | Noticed Donald
 48487 | Vaults:3 | Killed Donald
 48496 | Vaults:3 | Found a transporter.
 48496 | Vaults:3 | Noticed Pixtaico's ghost (adept FeNe)
 48523 | Vaults:3 | Found a transporter.
 48658 | Vaults:3 | Found a staircase to the Crypt.
 48715 | Vaults:3 | Gained mutation: Spells you cast may paralyse nearby
                  | enemies. [demonic ancestry]
 48715 | Vaults:3 | Reached XP level 21. HP: 159/159 MP: 38/38
 48836 | Vaults:3 | Learned a level 3 spell: Dazzling Flash
 48876 | Vaults:3 | Reached skill level 1 in Conjurations
 48876 | Vaults:3 | Reached skill level 1 in Hexes
 48896 | Vaults:3 | Identified the +0 short sword "Roackatt" {freeze, rN+}
 49085 | Vaults:3 | Found Ekhivorpheg's Assorted Antiques.
 49200 | Vaults:3 | Bought a scroll of teleportation for 99 gold pieces
 49307 | Vaults:3 | Killed Mennas
 49586 | Vaults:3 | Found Jisch's Distillery.
 49590 | Vaults:3 | Found Idwola's Weapon Emporium.
 49611 | Vaults:3 | Bought 2 potions of magic for 208 gold pieces
 50046 | D:7      | Bought 3 scrolls of fear for 144 gold pieces
 50287 | Vaults:3 | You paid a toll of 5 scrolls of fear to enter a treasure
                  | trove
 50288 | Trove    | Entered a treasure trove
 50302 | Trove    | Identified the +7 spear "Rukucw" {drain, rElec}
 50313 | Trove    | Found the +7 Spriggan's Knife {stab, EV+4 Stlth+}
 50320 | Trove    | Identified the +10 halberd "Riyhef" {protect, rPois MP+9}
 51125 | Vaults:4 | Reached skill level 5 in Hexes
 51325 | Vaults:4 | Reached skill level 5 in Conjurations
 51839 | Vaults:5 | Entered Level 5 of the Vaults
 51842 | Vaults:5 | Noticed Boris
 51917 | Vaults:5 | Killed Boris
 51918 | Vaults:5 | Reached skill level 26 in Dodging
 51922 | Vaults:5 | Noticed an ancient lich
 51974 | Vaults:4 | Killed an ancient lich
 52076 | Vaults:5 | Gained mutation: Your magical and physical power is
                  | slightly enhanced at high health. [demonic ancestry]
 52076 | Vaults:5 | Reached XP level 22. HP: 160/165 MP: 33/39
 52264 | Vaults:5 | Identified the +4 ring mail of Rash {-Cast rC+++ Str+4
                  | Stlth+}
 52305 | Vaults:5 | Identified the +1 leather armour of Submission {rF+}
 52523 | Vaults:5 | Noticed Saint Roka
 52532 | Vaults:5 | Killed Saint Roka
 52537 | Vaults:5 | Noticed a dread lich
 52568 | Vaults:5 | Killed a dread lich
 52878 | Vaults:5 | Identified the +2 pair of gloves "Liess" {Harm}
 53038 | Vaults:5 | Identified the staff of cold "Socoiqer" {Contam rC+ Str+3}
 53256 | Vaults:5 | Got a silver rune of Zot
 53368 | Vaults:5 | Identified the +1 pair of boots "Urosk" {Int+7 Dex+5
                  | Stlth-}
 53394 | Vaults:5 | Got the Verses on Frozen Zombies
 53433 | Vaults:5 | Identified the +0 dagger "Dragonslayer" {flame, rElec rPois
                  | rN++ Stlth-}
 53440 | Vaults:5 | Got the Monograph on Hoarfrost and Displacement
 53461 | Vaults:5 | Identified the +0 leather armour of Restlessness {*Corrode
                  | rF+ Str+6}
 53656 | Vaults:5 | Got the Elucidation of Combined Assaults
 54166 | Depths:1 | Entered Level 1 of the Depths
 54208 | Depths:1 | Paralysed by a floating eye for 2 turns
 54417 | Depths:1 | Found Hyep's General Store.
 54535 | Depths:1 | Found a gateway to Hell.
 54598 | Depths:1 | Found a bloodstained altar of Trog.
 54732 | Depths:1 | Reached skill level 15 in Stealth
 54828 | Depths:1 | Found a one-way gate to the infinite horrors of the Abyss.
 54837 | Depths:1 | Noticed Louise
 54843 | Depths:1 | Killed Louise
 55182 | Depths:2 | Reached skill level 27 in Dodging
 55463 | Depths:2 | Found Sowune Qedo's Antique Armour Shoppe.
 55471 | Depths:2 | Bought a faintly humming helmet for 199 gold pieces
 55471 | Depths:2 | Identified the +0 helmet of Utir {rCorr Str+4 Int+3} (You
                  | bought it in a shop on level 2 of the Depths)
 55471 | Depths:2 | Bought a transparent buckler for 199 gold pieces
 55471 | Depths:2 | Identified the +2 buckler "Doadao" {rCorr} (You bought it
                  | in a shop on level 2 of the Depths)
 55553 | Depths:2 | Identified the +6 glaive "Isatwyt" {drain, Int+5}
 55555 | Depths:2 | Found a one-way gateway to a ziggurat.
 55769 | Depths:2 | Found a shimmering blue altar of Sif Muna.
 55811 | Depths:2 | Reached XP level 23. HP: 156/171 MP: 31/40
 56256 | Depths:2 | Found an ornate altar of the Wu Jian Council.
 56453 | Depths:3 | Found a sparkling altar of Nemelex Xobeh.
 56908 | Depths:3 | Reached skill level 15 in Short Blades
 56939 | Depths:3 | Noticed Boris
 56993 | Depths:3 | Killed Boris
 57348 | Depths:3 | Noticed a juggernaut
 57360 | Depths:3 | Killed a juggernaut
 57636 | Depths:3 | Identified the +0 robe "Poemiviv" {*Slow rN++ rCorr}
 57890 | Depths:4 | Entered Level 4 of the Depths
 57930 | Depths:4 | Found a shadowy altar of Dithmenos.
 57991 | Depths:4 | Noticed a caustic shrike
 57991 | Depths:4 | Noticed a caustic shrike
 57993 | Depths:4 | Noticed a caustic shrike
 57996 | Depths:4 | Noticed a caustic shrike
 57999 | Depths:4 | Killed a caustic shrike
 58002 | Depths:4 | Killed a caustic shrike
 58003 | Depths:4 | Killed a caustic shrike
 58005 | Depths:4 | Killed a caustic shrike
 58256 | Depths:4 | Found a gate to the Realm of Zot.
 58546 | Depths:4 | Gained mutation: Your magical and physical power is
                  | enhanced at high health. [demonic ancestry]
 58546 | Depths:4 | Reached XP level 24. HP: 122/178 MP: 23/40
 58997 | Depths:4 | Learned a level 5 spell: Summon Mana Viper
 59003 | Depths:4 | Learned a level 5 spell: Yara's Violent Unravelling
 59337 | Slime:1  | Entered Level 1 of the Pits of Slime
 59432 | Slime:3  | Reached skill level 1 in Summonings
 59483 | Slime:4  | Reached skill level 1 in Transmutations
 59581 | Slime:5  | Entered Level 5 of the Pits of Slime
 60024 | Slime:5  | Found a viscous altar of Jiyva.
 60026 | Slime:5  | Noticed the Royal Jelly
 60063 | Slime:5  | Killed the Royal Jelly
 60108 | Slime:5  | Identified the ring "Micigof" {rN+ Str+6 Slay+2}
 60139 | Slime:5  | Got Juvomepp's Progressing With Spellcraft
 60146 | Slime:5  | Identified the +2 helmet of Warathro {*Corrode Will+++
                  | Int+3}
 60207 | Slime:5  | Got a slimy rune of Zot
 60341 | Slime:5  | Bought the ring "Gushram" {rElec rN+ Slay+3 SInv} for 1016
                  | gold pieces
 60951 | Hell     | Entered the Vestibule of Hell
 60951 | Hell     | Noticed Geryon
 60981 | Hell     | Killed Geryon
 61601 | Hell     | Found a gateway to the decaying netherworld of Tartarus.
 61872 | Hell     | Found a gateway to the Iron City of Dis.
 61965 | Hell     | Found a gateway to the freezing wastes of Cocytus.
 62079 | Hell     | Found a gateway to the ashen valley of Gehenna.
 62158 | Depths:1 | Bought a crude rapier for 360 gold pieces
 62158 | Depths:1 | Identified the +4 rapier of Day {holy, Fly rF- Dex+2} (You
                  | bought it in a shop on level 1 of the Depths)
 62371 | Depths:3 | Voluntarily entered the Abyss.
 62402 | Abyss:2  | Found a corrupted altar of Lugonu.
 62844 | Abyss:3  | Paralysed by accursed screaming for 1 turns
 62856 | Abyss:3  | Paralysed by accursed screaming for 2 turns
 62903 | Abyss:3  | Gained mutation: Spells you cast and wands you use may
                  | paralyse nearby enemies. [demonic ancestry]
 62903 | Abyss:3  | Reached XP level 25. HP: 188/188 MP: 33/41
 62919 | Abyss:3  | Got an abyssal rune of Zot
 63023 | Abyss:3  | Paralysed by accursed screaming for 1 turns
 63040 | Depths:3 | Escaped the Abyss
 63435 | Crypt:1  | Entered Level 1 of the Crypt
 63815 | Crypt:1  | Noticed Sojobo
 63820 | Crypt:1  | Killed Sojobo
 64238 | Crypt:1  | Learned a level 2 spell: Wereblood
 64248 | Crypt:1  | Learned a level 7 spell: Summon Hydra
 64874 | Crypt:2  | Noticed Zenata
 64886 | Crypt:2  | Killed Zenata
 65123 | Crypt:2  | Reached skill level 5 in Summonings
 65501 | Crypt:3  | Entered Level 3 of the Crypt
 66456 | Crypt:3  | Found a staircase to the Tomb.
 66614 | Crypt:3  | Reached skill level 15 in Spellcasting
 66736 | Crypt:3  | Noticed an ancient lich
 66736 | Crypt:3  | Noticed an ancient lich
 66737 | Crypt:3  | Found the +2 Maxwell's thermic engine {flame, freeze, rev}
 66740 | Crypt:3  | Noticed an ancient lich
 66740 | Crypt:3  | Noticed a dread lich
 66995 | Crypt:2  | Killed an ancient lich
 67014 | Crypt:2  | Killed an ancient lich
 67048 | Crypt:2  | Killed a dread lich
 67049 | Crypt:2  | Reached skill level 10 in Hexes
 67093 | Crypt:3  | Killed an ancient lich
 67131 | Crypt:3  | Got the Directory of Gloom
 67145 | Crypt:3  | Identified the staff of earth "Ulitziehia" {rPois rF+ rC-}
 67171 | Crypt:3  | Identified the +11 arbalest of Gravity {heavy, Int+2}
 67423 | Tomb:1   | Entered Level 1 of the Tomb of the Ancients
 67705 | Tomb:1   | Noticed Boris
 67746 | Tomb:1   | Killed Boris
 68079 | Tomb:1   | Noticed a royal mummy
 68297 | Tomb:1   | Killed a royal mummy
 68883 | Depths:2 | Bought a shiny tower shield for 157 gold pieces
 68960 | Pan      | Entered Pandemonium
 69023 | Pan      | Gained mutation: Your magical and physical power is greatly
                  | enhanced at high health. [demonic ancestry]
 69023 | Pan      | Reached XP level 26. HP: 130/200 MP: 21/42
 69170 | Pan      | Found an exit through the horrors of the Abyss.
 69389 | Pan      | Reached skill level 5 in Shields
 69530 | Pan      | Noticed Joni the pandemonium lord
 69538 | Pan      | Killed Joni the pandemonium lord
 70181 | Pan      | Found an exit through the horrors of the Abyss.
 70322 | Pan      | Noticed Ceunwoss the pandemonium lord
 70330 | Pan      | Killed Ceunwoss the pandemonium lord
 70335 | Pan      | Gained mutation: You occasionally lose the ability to read
                  | scrolls when taking damage. [a neqoxec]
 70480 | Pan      | Found an opulent altar of Gozag.
 70481 | Pan      | Found Boimain's Quality Elixirs.
 70481 | Pan      | Found an opulent altar of Gozag.
 70686 | Pan      | Identified the +0 ring mail "Jiaxu" {Dex+2}
 70908 | Pan      | Noticed Boimain the pandemonium lord
 70950 | Pan      | Killed Boimain the pandemonium lord
 70951 | Pan      | Reached skill level 10 in Shields
 71004 | Pan      | Found Boimain's Demonic Rune Outlet.
 71023 | Pan      | Found Boimain's Jewellery Boutique.
 71027 | Pan      | Noticed a dread lich
 71083 | Pan      | Found an opulent altar of Gozag.
 71112 | Pan      | Killed a dread lich
 71125 | Pan      | Found Boimain's Book Boutique.
 71155 | Pan      | Learned a level 7 spell: Spellforged Servitor
 71155 | Pan      | Bought a book of Fire for 484 gold pieces
 71163 | Pan      | Learned a level 6 spell: Plasma Beam
 71197 | Pan      | Bought a potion of experience for 850 gold pieces
 71197 | Pan      | Gained mutation: When low on magic, you restore magic in
                  | place of health. [demonic ancestry]
 71197 | Pan      | Reached XP level 27. HP: 206/206 MP: 42/42
 71198 | Pan      | Reached skill level 10 in Summonings
 71358 | Pan      | Found an exit through the horrors of the Abyss.
 72127 | Pan      | Upgraded the game from 0.31-a0-38-g1548c4f2a5 to
                  | 0.31-a0-40-g1d5085d191
 72489 | Pan      | Noticed Hefuov the pandemonium lord
 72524 | Pan      | Killed Hefuov the pandemonium lord
 72545 | Pan      | Gained mutation: You are strong-willed. (Will+) [a
                  | cacodemon]
 72549 | Pan      | Gained mutation: You are occasionally teleported next to
                  | monsters. [a cacodemon]
 72721 | Pan      | Noticed Xojitio the pandemonium lord
 72797 | Pan      | Gained mutation: You occasionally shout uncontrollably at
                  | your foes. [a cacodemon]
 72804 | Pan      | Gained mutation: Your body sometimes deteriorates upon
                  | taking damage. [mutagenic glow]
 72852 | Pan      | Killed Xojitio the pandemonium lord
 73123 | Pan      | Entered the realm of Cerebov.
 73214 | Pan      | Identified the +1 leather armour "Golituegg" {Harm rN++
                  | MP-9 SInv}
 73231 | Pan      | Got Beluafim's Omnibus of Malevolent Acts
 73246 | Pan      | Identified the +7 broad axe "Hellblazer" {venom, Int+4}
 73309 | Pan      | Identified the staff of death "Nuasifur" {+Blink rN+ Str+3
                  | Stlth-}
 73312 | Pan      | Identified the staff of conjuration "Gujug Qoiwn" {rN+++}
 73380 | Pan      | Got the Quarto of Astrapomancy
 73460 | Pan      | Found the +6 sword of Cerebov {flame}
 73460 | Pan      | Noticed Cerebov
 73620 | Pan      | Got a fiery rune of Zot
 73692 | Pan      | Lost mutation: You occasionally shout uncontrollably at
                  | your foes. [potion of mutation]
 73692 | Pan      | Lost mutation: You are strong-willed. (Will+) [potion of
                  | mutation]
 73692 | Pan      | Gained mutation: Your movements are slightly less
                  | encumbered by armour. (ER -2) [potion of mutation]
 73692 | Pan      | Gained mutation: You have hidden genetic potential. [potion
                  | of mutation]
 73692 | Pan      | Gained mutation: You have a pair of small horns on your
                  | head. [potion of mutation]
 73693 | Pan      | Lost mutation: You have hidden genetic potential. [potion
                  | of mutation]
 73693 | Pan      | Lost mutation: You have a pair of small horns on your head.
                  | [potion of mutation]
 73693 | Pan      | Gained mutation: You sometimes lose your temper in combat.
                  | [potion of mutation]
 73693 | Pan      | Gained mutation: You have an uncontrollable temper. [potion
                  | of mutation]
 73693 | Pan      | Gained mutation: You have sharp toenails. [potion of
                  | mutation]
 73730 | Pan      | Noticed Kimpon the pandemonium lord
 73820 | Pan      | Killed Kimpon the pandemonium lord
 73997 | Pan      | Reached skill level 15 in Shields
 74083 | Pan      | Gained mutation: You are frail. (-10% HP) [a neqoxec]
 74400 | Pan      | Noticed Udod Ziuz the pandemonium lord
 74768 | Pan      | Gained mutation: You occasionally shout uncontrollably at
                  | your foes. [a cacodemon]
 74837 | Pan      | Found an exit through the horrors of the Abyss.
 74982 | Pan      | Found the +6 sword of Cerebov {flame}
 74982 | Pan      | Noticed Cerebov
 75047 | Pan      | Killed Cerebov
 75182 | Pan      | Killed Udod Ziuz the pandemonium lord
 75429 | Pan      | Got a demonic rune of Zot
 75651 | Pan      | Entered the realm of Lom Lobon.
 75656 | Pan      | Noticed Lom Lobon
 75688 | Pan      | Killed Lom Lobon
 75703 | Pan      | Got a magical rune of Zot
 75956 | Pan      | HP: 4/185 [poisoned by a green death (poison gas)]
 75958 | Pan      | Succumbed to a green death's poison gas

Illustrated notes

Levels and vault maps discovered:
D:1:      matt_arrival_diagonals, layout_basic
D:2:      layout_rooms, shapermc_ecumenical_altar_hornbeckon, uniq_robin
D:3:      layout_basic, minivault_23, minmay_misc_feat_diagonals,
          hellmonk_no_cap
D:4:      layout_rooms, nicolae_tso_carved_into_rock, temple_statues,
          uniq_grinder
D:5:      layout_basic
D:6:      layout_rooms, grunt_temple_overflow_open, palyth_stone_intersect,
          grunt_decor_arrowhead, minmay_gold_behind_fungi, uniq_edmund
D:7:      layout_basic, mainiacjoe_overflow_catwalk,
          nicolae_qazlal_beasts_of_the_sky, gammafunk_ghost_nasty_kobolds,
          enter_bailey_4
D:8:      layout_layer_cave, kennysheep_little_box, lair_entry_dummy
D:9:      layout_basic, nicolae_overflow_hidden_temple,
          cheibrodos_ashenzari_chains, demons_altar, zombieorc2_lemuel
D:10:     layout_loops_cross, mainiacjoe_overflow_24_doors, serial_glass,
          glass_columns_a, glass_columns_b, glass_columns_c, glass_columns_a,
          glass_columns_a
D:11:     layout_basic, serial_shops, shop, uniq_josephine
D:12:     layout_loops_ring, special_room [special_room_orc],
          minmay_tree_intersection, kennysheep_nondescript,
          hangedman_decor_points
D:13:     layout_basic, serial_shops, kennysheep_mini, shop,
          nicolae_shop_gaudy_bauble, shop
D:14:     layout_long_grid, grunt_vaults_entry_fortified
D:15:     hangedman_depths_entry_civil_slaughter, layout_irregular_city,
          grunt_ministairs_8
Temple:   corrupted_temple
Lair:1:   layout_misc_corridors, grunt_megastairs_2
Lair:2:   beast_lair_carwin_large_2, layout_cave_pods,
          nicolae_shoals_entry_roost, hibernation_bobbens, grunt_megastairs_5,
          lemuel_fruit_tree
Lair:3:   layout_roguey, spider_nest_entry_webs
Lair:4:   layout_loops_ring, slime_entry_1, guppyfry_lair_drakes
Lair:5:   cheibrodos_lair_end_hotspot, layout_gridlike, special_room
          [special_room_bee], gammafunk_lair_bear_cave
Shoals:1: layout_shoals
Shoals:2: layout_shoals, uniq_nikola
Shoals:3: layout_shoals, nicolae_shoals_wave_tunnel
Shoals:4: shoals_end_hellmonk_storm_palace [storm_palace_center_circular,
          storm_palace_corner_reverse_hut, storm_palace_corner_blocked,
          storm_palace_corner_pillars, storm_palace_corner_reverse_hut]
Spider:1: layout_spider_delve, special_room, hangedman_spider_tarantella_strand,
          uniq_jorgrun, uniq_frances
Spider:2: layout_spider_delve, nicolae_spider_cling_halls
Spider:3: layout_spider_delve, uniq_aizul
Spider:4: grunt_spider_rune_circles
Slime:1:  layout_caves, amcnicky_altar_lugonu_corruption
Slime:2:  layout_caves
Slime:3:  layout_caves
Slime:4:  nicolae_slime_pool, layout_caves
Slime:5
Orc:1:    layout_diamond_mine
Orc:2:    pf_orc_diabolical, layout_diamond_mine, uniq_nessos
Elf:1:    layout_gridlike, gammafunk_ghost_split, hangedman_elf_represent,
          nicolae_elf_glassroom_feature
Elf:2:    elven_hall_of_blades_hangedman_alternative [nicolae_blade_lattice],
          layout_geoelf_octagon, serial_shops, nicolae_shop_tiny_statue_garden
Elf:3:    minmay_elf_hall_quartered_circle, layout_rooms, grunt_ministairs_9,
          minmay_elf_demonology
Vaults:1: portal_desolation_entry_twin_temple,
          nicolae_vaults_offset_grid_hallway_3, nicolae_vaults_three_branches,
          vaults_room_fancy_cross, nicolae_vaults_variable_pillar_hall,
          v_alt_pattern_6, vaults_dpeg_ring, hangedman_vaults_trim,
          vaults_room_pools, nicolae_vaults_tetromino_L_1,
          layout_vaults_omnigrid
Vaults:2: nicolae_vaults_surprise_closet, vaults_room_large_hall,
          hangedman_vaults_hat, nicolae_vaults_diagonal_hallway_7,
          vaults_dpeg_encased_lava, nicolae_vaults_doubleplus_tesselated,
          vaults_room_semicircle, nicolae_vaults_closet_pinwheel_1, v_misc_2,
          nicolae_vaults_more_shelving_1, vaults_mumra_lcd,
          nicolae_vaults_variable_pillar_hall,
          nicolae_vaults_you_can_take_it_with_you, grunt_vaults_hallway_short,
          layout_vaults_big_room, serial_shops, nicolae_lakefront_shop,
          uniq_margery
Vaults:3: gammafunk_ghost_mausoleum, nicolae_vaults_door_testing_chamber,
          hangedman_vaults_maws, nicolae_vaults_lopsided_apartments,
          nicolae_vaults_ellipses_ellipsis, nicolae_vaults_network_square,
          v_misc_22, nicolae_vaults_heart-shaped_vault,
          hangedman_vaults_restitches, nicolae_vaults_diagonal_hallway_8,
          nicolae_vaults_tangram_1, v_misc_15, nicolae_vaults_rhombus_7,
          nicolae_vaults_trapezoid_2, nicolae_vaults_rhombus_5,
          layout_vaults_ring, dummy_crypt_entry, serial_shops, shop, shop,
          nicolae_shop_stone, nicolae_shop_bloodbath_and_beyond, enter_trove_1,
          uniq_donald, uniq_mara, uniq_mennas
Vaults:4: nicolae_vaults_tetromino_T_2, nicolae_vaults_trapezoid_2,
          nicolae_vaults_surprise_closet, vaults_dpeg_diagonal,
          vaults_room_grunt_arrival_checkpoint, ontoclasm_vaults_twist,
          nicolae_vaults_what_the_h, st_more_cells,
          nicolae_vaults_tetromino_Z_1, nicolae_vaults_storage_closets_3,
          layout_vaults_omnicross
Vaults:5: uniq_saint_roka, uniq_boris
Crypt:1:  layout_regular_city, serial_sigils_hangedman_writhe,
          grunt_crypt_arrival_split, uniq_sojobo
Crypt:2:  layout_gridlike, nicolae_crypt_little_mausoleum, uniq_zenata
Crypt:3:  david_glass_crypt, layout_gridlike, tomb_entry_pyramid_bobbens,
          minivault_19, chequers_big_river, minivault_19, uniq_josephina
Tomb:1
Depths:1: layout_cave_pools, serial_shops, shop, pf_hell_entry_great_geh,
          serial_bayou_shore_a, serial_sigils, serial_sigils_hangedman_gut,
          serial_sigils_hangedman_scar, serial_sigils_hangedman_snap,
          serial_sigils_hangedman_stare, serial_sigils_hangedman_gut,
          nicolae_abyss_entry_one_way_or_another, grunt_ministairs_2,
          trog_three_pillars_becter
Depths:2: minmay_crystal_thing, layout_twisted_cross, enter_ziggurat_e,
          serial_shops, shop, serial_bayou_pond_d, hell_entry,
          abyss_entry_glasseish, rand_demon_pan_entry_9,
          pdpol_wu_jian_five_deadly_venoms, minmay_staircase_bubble
Depths:3: lemuel_traditional_vault, layout_long_grid, hell_entry,
          minmay_room_of_horrors, nemelex_spade_bored_becter,
          infiniplex_staircase_diamond, firewood_loft
Depths:4: grunt_zot_entry_hairpin, layout_gridlike, grunt_hell_horde, pan_entry,
          nicolae_dithmenos_shadow_blocks, grunt_ministairs_14
Hell
Pan:      evilmike_mini_pan_doors_b, layout_gridlike, nicolae_pan_sigil_eeng,
          nicolae_pan_gloorx_vloqian_1, nicolae_pan_double_arrow,
          layout_irregular_city, pan_blood_fountain_small,
          nicolae_pan_bazaar_rune, layout_irregular_city, evilmike_mini_pan_T,
          layout_onion_city, pan_blood_fountain_small,
          evilmike_mini_pan_possible_glass, layout_irregular_city,
          nicolae_pan_sigil_itan, rand_demon_5, layout_small_grid, cerebov,
          layout_cross, nicolae_pan_mnolegish_1, reaverb_pan_chaos_star,
          evilmike_mini_pan_pillars_b, layout_onion_city, grunt_pan_frozen_over,
          layout_basic, uniq_cerebov, lom_lobon_grunt, layout_gridville

Skill      XL: |  1  2  3  4  5  6  7  8  9 10 11 12 13 14 15 16 17 18 19 20 21 22 23 24 25 26 27 |
---------------+----------------------------------------------------------------------------------+-----
Short Blades   | 3 4 6 7 9 10 14 16 17 18 20 | 20.1
Dodging        | 3 4 5 11 13 14 15 16 19 20 21 22 23 25 26 27 | 27.0
Stealth        | 1 3 4 6 9 10 12 15 18 19 20 | 20.0
Fighting       | 5 8 10 12 13 14 | 14.6
Armour         | 7 8 |  8.0
Spellcasting   | 1 7 8 10 12 13 14 15 | 15.5
Evocations     | 5 |  5.0
Shields        | 1 3 11 15 | 15.0
Conjurations   | 5 6 |  6.0
Hexes          | 5 6 8 10 | 10.0
Summonings     | 4 7 9 10 | 10.5
Transmutations | 4 |  4.0

Action                     |  1- 3 |  4- 6 |  7- 9 | 10-12 | 13-15 | 16-18 | 19-21 | 22-24 | 25-27 || total
---------------------------+-------+-------+-------+-------+-------+-------+-------+-------+-------++-------
  Melee: Short sword       |   138 |   120 |   240 |   735 |  2158 |       |       |       |       ||  3391
         Touch             |       |    27 |    47 |   187 |   547 |   612 |   594 |   373 |   346 ||  2733
         Punch             |       |       |     4 |    12 |    53 |    37 |    53 |    27 |    31 ||   217
         Rapier            |       |       |       |       |     1 |  2591 |  2415 |   349 |   729 ||  6085
         Knife             |       |       |       |       |       |       |   204 |  1140 |  1409 ||  2753
   Cast: Dazzling Flash    |       |       |       |       |       |       |    71 |   398 |   363 ||   832
         Summon Mana Viper |       |       |       |       |       |       |       |     8 |    25 ||    33
         Yara's Violent Un |       |       |       |       |       |       |       |     1 |     6 ||     7
         Summon Hydra      |       |       |       |       |       |       |       |       |     1 ||     1
 Invoke: Call Merchant     |       |       |       |     2 |     1 |     3 |     2 |     3 |     1 ||    12
  Evoke: Wand              |       |       |     2 |       |     4 |       |     3 |       |     1 ||    10
         Box of beasts     |       |       |       |       |       |       |     1 |       |       ||     1
         Phantom mirror    |       |       |       |       |       |       |     1 |       |       ||     1
         Horn of Geryon    |       |       |       |       |       |       |       |     1 |       ||     1
    Use: Potion            |     2 |     2 |     4 |     3 |       |     7 |     8 |     1 |     9 ||    36
         Scroll            |       |     3 |     8 |     9 |     7 |     2 |    14 |     7 |    20 ||    70
   Stab: Sleeping          |     3 |    13 |    12 |    28 |    44 |    56 |   101 |    74 |    37 ||   368
         Distracted        |       |       |       |     6 |    10 |    21 |    31 |    54 |   105 ||   227
         Held in net/web   |       |       |       |       |       |     1 |       |       |       ||     1
         Paralysed         |       |       |       |       |       |       |    46 |   136 |   107 ||   289
         Invisible         |       |       |       |       |       |       |    42 |   154 |   140 ||   336
         Confused          |       |       |       |       |       |       |       |     2 |       ||     2
 Armour: Robe              |    22 |    11 |    17 |    17 |       |    54 |   164 |    44 |    65 ||   394
         Ring mail         |       |       |       |       |   173 |   107 |       |       |       ||   280
  Dodge: Dodged            |    67 |    47 |   113 |   349 |  1448 |  2100 |  2932 |  2177 |  2544 || 11777
         Repelled          |       |       |       |       |     1 |     8 |     9 |    12 |     4 ||    34
  Block: Kite shield       |       |       |       |       |       |       |   113 |       |   814 ||   927

Table legend: (Time is in decaauts)
 A = Elapsed time spent in this place.
 B = Non-inter-level travel time spent in this place.
 C = Inter-level travel time spent in this place.
 D = Time resting spent in this place.
 E = Time spent auto-exploring this place.
 F = Levels seen in this place.
 G = Mean time per level.
                   A        B        C        D        E       F      G
               +--------+--------+--------+--------+--------+-----+--------+
         Total |  68442 |  62754 |   5688 |   7203 |  32464 |  69 |  991.9 |
       Dungeon |  14622 |  11966 |   2656 |    769 |   8116 |  15 |  974.8 |
        Temple |     54 |     34 |     20 |      0 |     22 |   1 |   54.0 |
          Lair |   6648 |   5802 |    846 |    973 |   3169 |   5 | 1329.6 |
        Shoals |   5403 |   5322 |     81 |    759 |   3402 |   4 | 1350.8 |
   Spider Nest |   4129 |   4008 |    121 |    606 |   2172 |   4 | 1032.2 |
    Slime Pits |   1140 |   1110 |     30 |     28 |    207 |   5 |  228.0 |
  Orcish Mines |   2368 |   2129 |    239 |    423 |    889 |   2 | 1184.0 |
   Elven Halls |   5751 |   5458 |    293 |   1647 |   2140 |   3 | 1917.0 |
        Vaults |   7974 |   7413 |    561 |    266 |   4184 |   5 | 1594.8 |
         Crypt |   3881 |   3617 |    264 |    183 |   2219 |   3 | 1293.7 |
          Tomb |   1085 |   1028 |     57 |    100 |    399 |   1 | 1085.0 |
        Depths |   5434 |   4922 |    512 |    428 |   2582 |   4 | 1358.5 |
          Hell |    851 |    851 |      0 |     28 |    237 |   1 |  851.0 |
         Abyss |    850 |    850 |      0 |     32 |      0 |   3 |  283.3 |
   Pandemonium |   6290 |   6290 |      0 |    526 |   2088 |  10 |  629.0 |
         Trove |     88 |     88 |      0 |      0 |     30 |   1 |   88.0 |
        Bailey |    897 |    897 |      0 |    433 |     82 |   1 |  897.0 |
    Desolation |    969 |    969 |      0 |      0 |    523 |   1 |  969.0 |
               +--------+--------+--------+--------+--------+-----+--------+

Top non-repeatable levels by time:
  Lair:5: 2231 daAuts
   Elf:3: 2206 daAuts
   Elf:2: 2155 daAuts
Vaults:5: 1810 daAuts
 Crypt:3: 1809 daAuts
Vaults:3: 1772 daAuts
Depths:3: 1733 daAuts
Shoals:3: 1608 daAuts
     D:8: 1557 daAuts
Vaults:4: 1493 daAuts
Shoals:4: 1476 daAuts
Vaults:1: 1468 daAuts
Spider:3: 1466 daAuts
     D:9: 1459 daAuts
Vaults:2: 1429 daAuts
